 Dungeon Crawl Stone Soup version 0.29-a0-757-g358383bc75 (webtiles) character file.

Game seed: 7305544701104463315

13568 blackman the Carver (level 12, -20/80 (97) HPs)
             Began as a Human Delver on June 30, 2022.
             Was an Initiate of Gozag.
             Demolished by a spectral orc warlord
             ... wielding a +0 bardiche
             ... summoned by Nergalle
              (21 damage)
             ... on level 2 of the Lair of Beasts.
             The game lasted 00:44:52 (12824 turns).

blackman the Carver (Human Delver)                 Turns: 12824, Time: 00:44:53

HP:   -20/80 (97)   AC: 19    Str: 26    XL:     12   Next: 34%
MP:   12/12         EV: 15    Int: 12    God:    Gozag
Gold: 1662          SH:  0    Dex: 15    Spells: 11/11 levels left

rFire   . . .      SeeInvis .   k - +8 rapier of Dominance {flame, rN+ Str+4}
rCold   . . .      Faith    .   (no shield)
rNeg    + . .      Spirit   .   O - +0 swamp dragon scales
rPois   +          Reflect  .   N - +2 helmet
rElec   .          Harm     .   G - +0 cloak
rCorr   .          Rampage  .   C - +0 pair of gloves
Will    .....                   y - +2 pair of boots
Stlth   ++........              n - amulet of regeneration
HPRegen 1.03/turn               m - +6 ring of strength
MPRegen 0.13/turn               A - +4 ring of evasion

@: heavily drained
A: no striking features
a: Renounce Religion, Potion Petition, Call Merchant, Bribe Branch


You were on level 2 of the Lair of Beasts.
You worshipped Gozag.
Gozag was most pleased with you.
You visited 3 branches of the dungeon, and saw 13 of its levels.

You collected 2216 gold pieces.
You paid 554 gold pieces to Gozag.

Inventory:

Hand Weapons
 a - a +0 hand axe
 k - the +8 rapier of Dominance (weapon) {flame, rN+ Str+4}
   (You found it on level 5 of the Dungeon)

   It burns those it strikes, dealing additional fire damage.
   Str:       It affects your strength (+4).
   rN:        It protects you from negative energy.
 o - a +1 whip of electrocution
 p - a +1 short sword of venom
Missiles
 z - 14 javelins (quivered)
 J - a throwing net
Armour
 y - a +2 pair of boots (worn)
 C - a +0 pair of gloves (worn)
 G - a +0 cloak (worn)
 N - a +2 helmet (worn)
 O - +0 swamp dragon scales (worn)
 Q - a +0 plate armour
Jewellery
 m - a +6 ring of strength (left hand)
 n - an amulet of regeneration (around neck)
 w - a ring of protection from fire
 A - a +4 ring of evasion (right hand)
 D - a +6 ring of intelligence
 F - a ring of fire
 S - a ring of protection from fire
 T - a ring of positive energy
 Z - a +6 ring of strength
Wands
 g - a wand of digging (5)
 j - a wand of paralysis (8)
 s - a wand of polymorph (5)
 R - a wand of flame (18)
 W - a wand of mindburst (9)
Scrolls
 c - 2 scrolls of fog
 d - 4 scrolls of magic mapping
 e - 3 scrolls of fear
 h - 2 scrolls of blinking
 i - 3 scrolls of immolation
 l - 3 scrolls of torment
 t - 2 scrolls of enchant weapon
 x - 2 scrolls of silence
 B - 2 scrolls of poison {unknown}
 E - 2 scrolls of enchant armour
 I - 2 scrolls of amnesia
 L - a scroll of noise
 M - 2 scrolls of brand weapon
 X - a scroll of teleportation
Potions
 b - a potion of might {unknown}
 f - a potion of flight
 q - 8 potions of curing
 r - 3 potions of degeneration
 u - 3 potions of mutation {unknown}
 v - 2 potions of magic {unknown}
 H - 2 potions of brilliance {unknown}
 K - a potion of attraction {unknown}
 P - a potion of cancellation {unknown}
 V - a potion of haste
 Y - a potion of berserk rage {unknown}


   Skills:
 * Level 9.7 Fighting
 - Level 2.3(9.0) Short Blades
 - Level 13.4(13.5) Long Blades
 - Level 3.6 Axes
 * Level 9.1 Armour
 - Level 2.0 Dodging
 - Level 5.0 Stealth


You had 11 spell levels left.
You didn't know any spells.
Your spell library contained the following spells:

 Spells                   Type           Power      Damage    Failure   Level
 Apportation              Tloc           0%         N/A       43%         1
 Necrotize                Necr           0%         1d4       43%         1
 Shock                    Conj/Air       0%         1d3       43%         1
 Slow                     Hex            0%         N/A       43%         1
 Summon Small Mammal      Summ           0%         N/A       43%         1
 Confusing Touch          Hex            0%         N/A       80%         3
 Conjure Flame            Conj/Fire      0%         6-21      80%         3
 Dazzling Flash           Conj/Hex       0%         N/A       80%         3
 Ignite Poison            Fire/Tmut/Pois 0%         N/A       80%         3
 Swiftness                Air            0%         N/A       80%         3
 Vampiric Draining        Necr           0%         2d6       80%         3
 Airstrike                Air            0%         N/A       99%         4
 Iskenderun's Mystic Bla  Conj/Tloc      0%         2d3       99%         4
 Sticky Flame             Conj/Fire      0%         2d3       99%         4
 Summon Lightning Spire   Summ/Air       0%         N/A       99%         4
 Alistair's Intoxication  Tmut/Pois      0%         N/A       100%        5
 Starburst                Conj/Fire      0%         6d3       100%        6
 Storm Form               Tmut/Air       0%         N/A       100%        7
 Maxwell's Capacitive Co  Air            0%         ∞         100%        8


Dungeon Overview and Level Annotations

Branches:
Dungeon (10/15)            Temple (1/1) D:4            Lair (2/6) D:8
  Swamp: Lair:2-4    Shoals: Lair:2-4     Snake: Lair:2-4    Spider: Lair:2-4
    Orc: D:9-12

Altars:
Ashenzari
Dithmenos
Elyvilon
Gozag
Hepliaklqana
Kikubaaqudgha
Makhleb
Nemelex Xobeh
Okawaru
Qazlal
Ru
Sif Muna
Trog
Uskayaw
Vehumet
Wu Jian
Xom
Yredelemnul
Zin
The Shining One
Beogh

Shops:
D:8 ?   D:9 [

Portals:
Trove: D:10 (give +4 demon whip)

Annotations:
D:7 2 transporters
D:8 1 transporter
Lair:2 Nergalle


Message History

Unknown command.
Aiming: Throw Flame
Press: ? - help, Shift-Dir - straight line, f/p - Nergalle
Aim: Nergalle, wielding a +0 dagger and wearing a +0 robe of fire resistance (almost dead, 64% to hit)
The puff of flame hits Nergalle.
Nergalle resists.
Nergalle is almost dead.
Nergalle casts a spell at you. The bolt of negative energy hits you!
You partially resist.
You feel drained.
* * * LOW HITPOINT WARNING * * *
The bolt of negative energy hits the spectral orc warrior.
The spectral orc warrior completely resists.
The spectral orc warrior hits you with a +0 flail.
* * * LOW HITPOINT WARNING * * *
The spectral orc knight hits you but does no damage.
The water moccasin bites you but does no damage.
The spectral orc warrior barely misses you.
The spectral orc warrior hits you with a +0 scimitar.
* * * LOW HITPOINT WARNING * * *
You partially resist.
You feel drained.
The spectral orc hits you but does no damage.
The spectral orc warrior barely misses you.
You closely miss Nergalle.
Nergalle is almost dead.
The water moccasin barely misses you.
Nergalle points at the spectral orc warrior and mumbles some strange words.
The spectral orc warrior seems to speed up.
The spectral orc warrior hits you with a +0 flail.
* * * LOW HITPOINT WARNING * * *
You partially resist.
You feel drained.
The spectral orc knight completely misses you.
The spectral orc warrior hits you with a +0 scimitar!
* * * LOW HITPOINT WARNING * * *
The spectral orc warrior hits you with a +0 scimitar!
* * * LOW HITPOINT WARNING * * *
The spectral orc hits you with a +0 hand axe.
* * * LOW HITPOINT WARNING * * *
You partially resist.
You feel drained.
The spectral orc warlord hits you from afar with a +0 bardiche!!
You die...
Your body crumbles into a pile of gold.

.................. ...........
.................................
.................................
....... ........................
....... ........................
....... ........................
....... ......ZZ................
....... $......SZ................
....... .....Zo@Z...............
#..###. ......ZZZ..$............
.### ........................ ##
........................
........................
........................
........................
<.............>.........
#P...#####.#.##..#P.


You could see Nergalle, a spectral orc (summoned), 5 spectral orc warriors, a
spectral orc knight (summoned), a spectral orc warlord (summoned) and a water
moccasin.

Vanquished Creatures
  Pikel (D:6)
  A black mamba (Lair:1)
  6 cane toads (Lair:2)
  Maggie (D:7)
  Psyche (D:8)
  A komodo dragon (Lair:1)
  A troll (D:10)
  Grinder (D:5)
  Prince Ribbit (D:7)
  A shadow (D:10)
  27 yaks
  3 wraiths (D:9)
  Eustachio (D:5)
  A steam dragon (D:9)
  Menkaure (D:5)
  Duvessa (D:5)
  A water moccasin (Lair:1)
  3 orc warriors
  An ice beast (D:5)
  A sky beast (D:6)
  3 black bears
  An ogre (D:6)
  3 wolves
  3 centaurs
  A phantom (D:6)
  7 bullfrogs
  3 scorpions
  12 wights
  8 killer bees (D:9)
  Dowan (D:5)
  7 electric eels
  6 howler monkeys
  A jelly (D:6)
  10 orc priests
  A gnoll shaman (D:7)
  3 hounds
  Crazy Yiuf (D:5)
  3 iguanas
  10 orc wizards
  11 gnolls
  10 adders
  A shadow imp (D:7)
  An ufetubus (D:4)
  A worm (D:3)
  6 dart slugs
  38 orcs
  4 ball pythons
  4 bats
  5 endoplasms
  2 giant cockroaches
  7 goblins
  9 hobgoblins
  2 jackals (D:1)
  5 quokkas
  8 frilled lizards
  4 kobolds
  7 rats
264 creatures vanquished.

Vanquished Creatures (others)
  2 orc wizards (D:8)
  7 plants
9 creatures vanquished.

Grand Total: 273 creatures vanquished

Notes
Turn   | Place    | Note
-------+----------+-------------------------------------------
     0 | D:5      | blackman the Human Delver began the quest for the Orb.
     0 | D:5      | Reached XP level 1. HP: 18/18 MP: 1/1
    53 | D:5      | Noticed a scorpion
    66 | D:5      | Identified the +8 rapier of Dominance {flame, rN+ Str+4}
   126 | D:4      | Noticed a hound
   138 | D:5      | Noticed Eustachio
   170 | D:4      | Killed a hound
   171 | D:4      | Reached XP level 2. HP: 17/24 MP: 2/2
   171 | D:4      | Reached XP level 3. HP: 21/29 MP: 3/3
   692 | D:4      | Reached XP level 4. HP: 22/35 MP: 4/4
   809 | D:4      | Found a shadowy altar of Dithmenos.
   809 | D:4      | Noticed a scorpion
   821 | D:4      | Reached skill level 1 in Short Blades
   862 | D:4      | Reached skill level 1 in Long Blades
  1117 | D:4      | Found a staircase to the Ecumenical Temple.
  1163 | D:4      | Reached skill level 2 in Long Blades
  1197 | D:4      | Noticed a black bear
  1265 | Temple   | Entered the Ecumenical Temple
  1383 | D:4      | Killed a scorpion
  1384 | D:4      | Reached skill level 3 in Long Blades
  1384 | D:4      | Reached XP level 5. HP: 39/41 MP: 5/5
  1485 | D:4      | Found a glowing golden altar of the Shining One.
  1527 | D:4      | Reached skill level 4 in Long Blades
  1527 | D:4      | Reached XP level 6. HP: 44/47 MP: 6/6
  2135 | Temple   | Became a worshipper of Gozag Ym Sagoz the Greedy
  2186 | D:4      | Killed a black bear
  2187 | D:4      | Reached skill level 5 in Long Blades
  2352 | D:3      | Found a white marble altar of Elyvilon.
  2443 | D:3      | Reached XP level 7. HP: 48/50 MP: 7/7
  3439 | D:1      | Reached skill level 6 in Long Blades
  4535 | D:5      | Noticed Grinder
  4537 | D:5      | Paralysed by Grinder for 3 turns
  4542 | D:5      | Paralysed by Grinder for 4 turns
  4550 | D:5      | Killed Grinder
  4609 | D:5      | Found a runed translucent door.
  4610 | D:5      | Noticed Crazy Yiuf
  4654 | D:5      | Reached skill level 7 in Long Blades
  4654 | D:5      | Reached XP level 8. HP: 58/58 MP: 8/8
  4661 | D:5      | Noticed Dowan
  4665 | D:5      | Noticed Duvessa
  4684 | D:5      | Killed Duvessa
  4688 | D:5      | Killed Dowan
  4689 | D:5      | Reached skill level 8 in Long Blades
  4959 | D:5      | Noticed Menkaure
  4961 | D:5      | Killed Menkaure
  5131 | D:5      | Killed Eustachio
  5132 | D:5      | Reached skill level 9 in Long Blades
  5242 | D:5      | Found a sparkling altar of Nemelex Xobeh.
  5436 | D:5      | Reached XP level 9. HP: 57/63 MP: 9/9
  5650 | D:5      | Killed Crazy Yiuf
  5708 | D:6      | Noticed Pikel
  5795 | D:6      | Killed Pikel
  5796 | D:6      | Reached skill level 10 in Long Blades
  5831 | D:5      | Reached skill level 11 in Long Blades
  6072 | D:6      | Found a hazy altar of Hepliaklqana.
  6232 | D:6      | Found a basalt altar of Yredelemnul.
  6301 | D:6      | Reached skill level 12 in Long Blades
  6339 | D:6      | Reached XP level 10. HP: 60/70 MP: 10/10
  6579 | D:7      | Noticed Maggie
  7000 | D:7      | Found a transporter.
  7037 | D:7      | Noticed a two-headed ogre
  7359 | D:7      | Killed Maggie
  7360 | D:7      | Reached skill level 13 in Long Blades
  7723 | D:7      | Noticed Prince Ribbit
  7733 | D:7      | Killed Prince Ribbit
  7800 | D:7      | Found a transporter.
  7801 | D:7      | Identified the amulet of Mutualism {Spirit rPois Will+
                  | Slay+2}
  8003 | D:8      | Found a staircase to the Lair.
  8036 | D:8      | Noticed Psyche
  8043 | D:8      | Killed Psyche
  8044 | D:8      | Reached skill level 1 in Armour
  8063 | D:8      | Found Calurch's Magic Scroll Shoppe.
  8109 | D:8      | Noticed a kobold demonologist
  8112 | D:8      | Found a transporter.
  8228 | D:8      | Found a transporter.
  8367 | D:8      | Reached skill level 5 in Fighting
  8984 | D:8      | Noticed a rust devil
  9294 | D:9      | Reached XP level 11. HP: 79/80 MP: 11/11
  9334 | D:9      | Found a stormy altar of Qazlal.
  9384 | D:9      | Reached skill level 5 in Armour
  9602 | D:9      | Found Kalaorr's Armour Boutique.
 10096 | D:9      | Noticed a two-headed ogre
 10491 | D:10     | Entered Level 10 of the Dungeon
 10563 | D:10     | Found a portal to a secret trove of treasure.
 11273 | D:10     | Noticed a two-headed ogre
 11381 | D:10     | Noticed a sixfirhy
 11566 | Lair:1   | Entered Level 1 of the Lair of Beasts
 12316 | Lair:1   | Reached XP level 12. HP: 40/94 MP: 12/12
 12802 | Lair:2   | Noticed Nergalle
 12824 | Lair:2   | HP: 3/81 [spectral orc warrior/+0 scimitar[Nergalle] (8)]
 12824 | Lair:2   | HP: 1/81 [spectral orc/+0 hand axe[Nergalle] (2)]
 12824 | Lair:2   | Demolished by a spectral orc warlord

Illustrated notes

Levels and vault maps discovered:
D:1:      elethiomel_arrival_quiet, layout_loops_corners
D:2:      layout_basic, lemuel_old_faithful
D:3:      layout_rooms, elyvilon_altar_3, columned_hall_lemuel,
          hex_intersection, chequers_serial_rivers_room_b
D:4:      layout_loops_ring, nicolae_tso_swordbearing_angel,
          nicolae_dithmenos_shadow_blocks, temple_pool_b
D:5:      layout_loops_ring, nemelex_spade_bored_becter,
          kennysheep_generic_room_10, uniq_duvessa, uniq_eustachio,
          uniq_grinder, uniq_menkaure, uniq_crazy_yiuf_cottage
D:6:      layout_rooms, nicolae_hepliaklqana_hazy_memory, marbit_many_paths,
          uniq_pikel
D:7:      gammafunk_beogh_shrine, layout_basic, uniq_maggie, uniq_prince_ribbit1
D:8:      gammafunk_wand_slinger, layout_basic, dpeg_oklobed_lair, serial_shops,
          nicolae_shop_temple_entry_statues_fountains, uniq_psyche
D:9:      layout_rooms, mainiacjoe_overflow_alcove_1,
          nicolae_inconvenience_store, grunt_decor_one_mirror,
          chequers_serial_rivers_micro_e, water_boxes_lemuel
D:10:     layout_basic, mainiacjoe_overflow_catwalk_spiral,
          trove_entry_hex_spiral
Temple:   nicolae_temple_god_jail
Lair:1:   layout_loops_ring, minivault_24, small_statue_intersection
Lair:2:   layout_long_grid, bobbens_dragon_lair_wall, grunt_megastairs_2,
          uniq_nergalle

Skill      XL: |  1  2  3  4  5  6  7  8  9 10 11 12 |
---------------+-------------------------------------+-----
Axes           | 3 |  3.6
Short Blades   | 1 2 |  2.3
Long Blades    | 3 4 5 7 9 12 13 | 13.4
Armour         | 4 8 9 |  9.1
Fighting       | 5 8 9 |  9.7
Dodging        | |  2.0
Stealth        | |  5.0

Action                   |  1- 3 |  4- 6 |  7- 9 | 10-12 || total
-------------------------+-------+-------+-------+-------++-------
Melee: Rapier            |    20 |    46 |   268 |   547 ||   881
       Punch             |       |       |     2 |     7 ||     9
Throw: Javelin           |       |       |     2 |       ||     2
Invok: Potion Petition   |       |       |     1 |       ||     1
Evoke: Wand              |       |     9 |    14 |     8 ||    31
  Use: Potion            |     1 |       |       |     1 ||     2
       Scroll            |       |     1 |     1 |    14 ||    16
 Stab: Sleeping          |     1 |     4 |       |     1 ||     6
       Distracted        |       |       |       |     2 ||     2
Armor: Leather armour    |     4 |     4 |     1 |       ||     9
       Chain mail        |       |       |   116 |    28 ||   144
       Swamp dragon scal |       |       |       |    83 ||    83
       Plate armour      |       |       |       |   148 ||   148
Dodge: Dodged            |    14 |    30 |   169 |   332 ||   545

Table legend: (Time is in decaauts)
 A = Elapsed time spent in this place.
 B = Non-inter-level travel time spent in this place.
 C = Inter-level travel time spent in this place.
 D = Time resting spent in this place.
 E = Time spent auto-exploring this place.
 F = Levels seen in this place.
 G = Mean time per level.
                   A        B        C        D        E       F      G
               +--------+--------+--------+--------+--------+-----+--------+
         Total |  12697 |  11693 |   1004 |   2871 |   6682 |  13 |  976.7 |
       Dungeon |  11345 |  10419 |    926 |   2642 |   5867 |  10 | 1134.5 |
        Temple |    131 |     62 |     69 |      0 |     49 |   1 |  131.0 |
          Lair |   1220 |   1212 |      8 |    229 |    766 |   2 |  610.0 |
               +--------+--------+--------+--------+--------+-----+--------+

Top non-repeatable levels by time:
     D:4: 2093 daAuts
     D:5: 1681 daAuts
     D:9: 1498 daAuts
     D:8: 1405 daAuts
     D:7: 1357 daAuts
  Lair:1: 950 daAuts
     D:1: 921 daAuts
    D:10: 653 daAuts
     D:3: 636 daAuts
     D:2: 553 daAuts
     D:6: 545 daAuts
  Lair:2: 269 daAuts
  Temple: 131 daAuts
